 Dungeon Crawl Stone Soup version 0.19.0 (webtiles) character file.

2490 Djon the Cleaver (level 9, -5/83 HPs)
             Began as a Hill Orc Fighter on Nov 2, 2016.
             Was a Follower of Okawaru.
             Killed from afar by an electric eel (12 damage)
             ... with a bolt of electricity
             ... on level 6 of the Dungeon.
             The game lasted 00:07:41 (5650 turns).

Djon the Cleaver (Hill Orc Fighter)                 Turns: 5650, Time: 00:07:41

Health: -5/83      AC:  9    Str: 24    XL:     9   Next: 52%
Magic:  0/12       EV:  7    Int:  8    God:    Okawaru [*.....]
Gold:   254        SH: 10    Dex: 13    Spells: 0 memorised, 8 levels left

rFire  . . .     SeeInvis .     a - +0 war axe
rCold  . . .     Gourm    .     b - +0 scale mail
rNeg   . . .     Faith    .     c - +0 shield
rPois  +         Spirit   +     o - +0 helmet
rElec  .         Reflect  .     (no cloak)
rCorr  .         Harm     .     x - +0 pair of gloves
MR     +....     Rnd*Rage +     (no boots)
Stlth  ..........               u - amulet of guardian spirit
                                m - +3 ring of dexterity
                                q - +2 ring of strength

@: no status effects
A: berserk 1, magic resistance 1, poison resistance
a: Heroism, Renounce Religion


You were on level 6 of the Dungeon.
You worshipped Okawaru.
Okawaru was aware of your devotion.
You were not hungry.

You visited 1 branch of the dungeon, and saw 6 of its levels.

You collected 254 gold pieces.

Inventory:

Hand Weapons
 a - a +0 war axe (weapon)
Missiles
 y - a throwing net (quivered)
 E - 5 javelins
Armour
 b - a +0 scale mail (worn)
 c - a +0 shield (worn)
 o - a +0 helmet (worn)
 x - a +0 pair of gloves (worn)
Jewellery
 m - a +3 ring of dexterity (right hand)
 q - a +2 ring of strength (left hand)
 u - an amulet of guardian spirit (around neck)
Scrolls
 g - 6 scrolls of identify {unknown}
 i - a scroll of recharging {unknown}
 p - a scroll of enchant armour {unknown}
 A - a scroll of remove curse
 B - a scroll of enchant weapon {unknown}
 C - 2 scrolls of magic mapping {unknown}
Potions
 d - 2 potions of haste {unknown}
 e - a potion of ambrosia {unknown}
 h - 3 potions of curing {unknown}
 k - 2 potions of degeneration {unknown}
 n - a potion of magic {unknown}
 s - a potion of mutation {unknown}
 t - a potion of resistance {unknown}
 D - a potion of berserk rage {unknown}
Comestibles
 f - 2 bread rations
 j - 3 meat rations
 l - 2 royal jellies
 r - a slice of pizza
 v - a beef jerky
 w - 4 fruits


   Skills:
 + Level 9.1 Fighting
 * Level 12.7 Axes
 - Level 3.2 Armour
 - Level 3.2 Shields
 + Level 4.3 Invocations


You had 8 spell levels left.
You didn't know any spells.

Dungeon Overview and Level Annotations

Branches:
Dungeon (6/15)
 Temple: D:4-7

Altars:
Gozag
Kikubaaqudgha
Nemelex Xobeh
Okawaru
Qazlal
Sif Muna
Xom
Zin

Shops:
D:5 *


Innate Abilities, Weirdness & Mutations

You tend to lose your temper in combat.
You are resistant to hostile enchantments. (MR+)
Your system is resistant to poisons. (rPois)


Message History

The bolt of electricity misses the electric eel.
The bolt of electricity hits you!
The electric eel shoots out a bolt of lightning at you!
The bolt of electricity hits you!
The electric eel shoots out a bolt of lightning at you!
The bolt of electricity hits you!
The electric eel shoots out a bolt of lightning at you!
The bolt of electricity hits the electric eel.
The electric eel completely resists.
The bolt of electricity hits you!
* * * LOW HITPOINT WARNING * * *
The electric eel shoots out a bolt of lightning at you!
The bolt of electricity hits you!
* * * LOW HITPOINT WARNING * * *
Found 12 gold pieces.
The electric eel shoots out a bolt of lightning at you!
The bolt of electricity hits you!
* * * LOW HITPOINT WARNING * * *
The electric eel shoots out a bolt of lightning at you!
The bolt of electricity hits you!
You die...

#≈;≈≈#≈.##....^........##.
≈≈#≈≈≈≈...........)#......
≈≈≈≈#≈;≈.............####.
≈#≈≈≈≈#≈....#.##)).).####.
≈≈≈#≈≈≈≈..................
#≈≈≈≈.....[.....#...##....
≈≈.......###..###...##...#
.....#...####.###..<##...#
###......@.....##...##(..#
#.####....##.##...##.### #
##...$# #..[####.. ##.....
....###...
..........##....
..........##...≈
..........#..§≈≈ #######
#..§≈§ #..§§≈


You could see an electric eel.

Vanquished Creatures
  The ghost of lacuna the Sneak, a novice HaAs of Fedhas (D:6)
  The ghost of Akrius the Chopper, an amateur HOMo of Makhleb (D:4)
  Eustachio (D:6)
  The ghost of Jane the Poker, an amateur FoFi (D:3)
  Purgy (D:3)
  A phantom (D:6)
  A sky beast (D:5)
  4 ogres
  An ice beast (D:6)
  A bullfrog (D:5)
  A water moccasin skeleton (D:5)
  3 crimson imps
  A centaur zombie (D:3)
  2 orc wizards
  Jessica (D:2)
  An iguana (D:6)
  Natasha (thrice) (D:4)
  3 worker ants
  A hound zombie (D:6)
  A worker ant zombie (D:5)
  6 gnolls (D:4)
  7 adders
  An ooze (D:2)
  3 dart slugs
  5 leopard geckos
  9 orcs
  5 giant cockroaches
  13 goblins
  7 hobgoblins
  15 jackals
  11 kobolds
  6 quokkas
  2 ball pythons
  8 bats
  3 frilled lizards
  15 rats
146 creatures vanquished.

Notes
Turn   | Place    | Note
-------+----------+-------------------------------------------
     0 | D:1      | Djon the Hill Orc Fighter began the quest for the Orb.
     0 | D:1      | Reached XP level 1. HP: 19/19 MP: 1/1
    35 | D:1      | Reached skill level 3 in Axes
    67 | D:1      | Reached XP level 2. HP: 27/27 MP: 2/2
   452 | D:1      | Reached XP level 3. HP: 33/33 MP: 3/3
   464 | D:1      | Reached skill level 4 in Axes
   898 | D:2      | Found a faded altar of an unknown god.
  1141 | D:2      | Found a sparkling altar of Nemelex Xobeh.
  1169 | D:2      | Reached XP level 4. HP: 38/41 MP: 4/4
  1569 | D:2      | Reached skill level 5 in Axes
  1576 | D:2      | Noticed Jessica
  1587 | D:2      | Killed Jessica
  1625 | D:2      | Reached XP level 5. HP: 40/47 MP: 5/5
  1678 | D:2      | Reached skill level 5 in Fighting
  1831 | D:3      | Reached skill level 6 in Axes
  1867 | D:3      | Noticed Jane's ghost (amateur FoFi)
  1877 | D:3      | Killed Jane's ghost
  1877 | D:3      | Reached skill level 7 in Axes
  1877 | D:3      | Reached XP level 6. HP: 9/56 MP: 6/6
  2229 | D:3      | Noticed Purgy
  2246 | D:3      | Killed Purgy
  2575 | D:3      | Reached skill level 8 in Axes
  2575 | D:3      | Reached XP level 7. HP: 16/63 MP: 7/7
  3256 | D:4      | Found an ancient bone altar of Kikubaaqudgha.
  3258 | D:4      | Found a stormy altar of Qazlal.
  3265 | D:4      | Found a glowing silver altar of Zin.
  3310 | D:4      | Noticed Akrius's ghost (amateur HOMo)
  3330 | D:4      | Killed Akrius's ghost
  3330 | D:4      | Reached skill level 9 in Axes
  3330 | D:4      | Reached XP level 8. HP: 51/73 MP: 8/8
  3888 | D:4      | Noticed Natasha
  3894 | D:4      | Killed Natasha
  3894 | D:4      | Reached skill level 10 in Axes
  4060 | D:4      | Noticed Natasha
  4064 | D:4      | Killed Natasha
  4115 | D:4      | Noticed Natasha
  4122 | D:4      | Killed Natasha
  4168 | D:4      | Found an opulent altar of Gozag.
  4303 | D:4      | Found a faded altar of an unknown god.
  4303 | D:4      | Found a faded altar of an unknown god.
  4308 | D:4      | Found a sparkling altar of Nemelex Xobeh.
  4310 | D:4      | Found a faded altar of an unknown god.
  4312 | D:4      | Found a faded altar of an unknown god.
  4475 | D:5      | Entered Level 5 of the Dungeon
  4497 | D:5      | Found an iron altar of Okawaru.
  4505 | D:5      | Became a worshipper of Warmaster Okawaru
  4556 | D:5      | Reached skill level 11 in Axes
  4563 | D:5      | Gained mutation: You are resistant to hostile enchantments. (MR+) [mutagenic meat]
  4564 | D:5      | Gained mutation: You tend to lose your temper in combat. [mutagenic meat]
  4565 | D:5      | Gained mutation: Your system is resistant to poisons. (rPois) [mutagenic meat]
  4566 | D:5      | Found a shimmering altar of Xom.
  4674 | D:5      | Reached skill level 1 in Invocations
  4900 | D:5      | Found Leliuxal's Elemental Accessories.
  4918 | D:6      | Noticed Eustachio
  4958 | D:6      | Killed Eustachio
  4958 | D:6      | Reached * piety under Okawaru
  4958 | D:6      | Reached XP level 9. HP: 46/82 MP: 5/10
  5119 | D:6      | Noticed lacuna's ghost (novice HaAs)
  5147 | D:6      | Killed lacuna's ghost
  5147 | D:6      | Reached skill level 12 in Axes
  5453 | D:6      | Found a deep blue altar of Sif Muna.
  5650 | D:6      | Killed from afar by an electric eel

Skill      XL: |  1  2  3  4  5  6  7  8  9 |
---------------+----------------------------+-----
Axes           | 3 4 5 7 8 9 11 12 | 12.7
Fighting       | 4 5 6 7 8 9 |  9.1
Invocations    | 2 4 |  4.3
Armour         | |  3.2
Shields        | |  3.2

Action                   |  1- 3 |  4- 6 |  7- 9 || total
-------------------------+-------+-------+-------++-------
Melee: War axe           |   114 |   121 |   282 ||   517
  Use: Potion            |       |     1 |     1 ||     2
       Scroll            |       |       |     3 ||     3
  Eat: Chunk             |       |     6 |    13 ||    19
Armor: Scale mail        |    43 |    55 |   131 ||   229
Dodge: Dodged            |    48 |    34 |   103 ||   185
Block: Shield            |    66 |    79 |   166 ||   311
